 Dungeon Crawl Stone Soup version 0.31-a0-232-gb1c03b2570 (webtiles) character file.

Game seed: 3707267311403817693

17017 Shard1697 the Basher (level 12, -10/113 HPs)
             Began as an Armataur Fighter on July 7, 2023.
             Was a High Priest of Uskayaw.
             Mangled by Saint Roka
             ... wielding a +1 great mace of protection
              (35 damage)
             ... on level 2 of the Orcish Mines.
             The game lasted 00:20:05 (12062 turns).

Shard1697 the Basher (Armataur Fighter)            Turns: 12062, Time: 00:20:06

Health: -10/113    AC: 15    Str: 34    XL:     12   Next: 15%
Magic:  19/19      EV: 10    Int:  5    God:    Uskayaw [*****.]
Gold:   394        SH:  4    Dex: 12    Spells: 11/11 levels left

rFire   + . .        a - +5 morningstar (freeze)
rCold   . . .        c - +0 buckler
rNeg    . . .        t - +4 troll leather armour {Snorg}
rPois   .            (helmet restricted)
rElec   .            m - +2 cloak {Will+}
rCorr   .            E - +2 pair of gloves
SInv    .            (no barding)
Will    ++...        (no amulet)
Stlth   +            u - ring of protection from fire
HPRegen 1.18/turn    o - +6 ring of strength
MPRegen 0.16/turn

%: roll
@: mighty, hasted, invisible, very quick
A: large, rugged brown scales 3, deformed body, armoured tail, roll, long
tongue, awkward tongue, antennae 1, dopey 1, strong-willed 1, screaming 1,
strong 1
a: Renounce Religion, Stomp, Line Pass, Grand Finale


You were on level 2 of the Orcish Mines.
You worshipped Uskayaw.
Uskayaw was aware of your devotion.
You visited 2 branches of the dungeon, and saw 13 of its levels.
You also visited: Bailey.

You collected 1150 gold pieces.
You spent 756 gold pieces at shops.

Inventory:

Hand Weapons
 a - a +5 morningstar of freezing (weapon)
 b - a +0 war axe of freezing
Armour
 c - a +0 buckler (worn)
 l - a +0 helmet
 m - a +2 cloak of willpower (worn)
 t - a +4 troll leather armour (worn) {Snorg}
 E - a +2 pair of gloves (worn)
Jewellery
 h - a ring of positive energy
 o - a +6 ring of strength (right hand)
 u - a ring of protection from fire (left hand)
 x - a ring of ice
Wands
 r - a wand of flame (33)
 w - a wand of mindburst (26)
 y - a wand of light (8)
 A - a wand of charming (5)
Scrolls
 j - 2 scrolls of silence
 k - 3 scrolls of fear
 s - a scroll of amnesia
 B - 2 scrolls of blinking
 C - 2 scrolls of teleportation
 D - a scroll of immolation
 H - 2 scrolls of brand weapon
 I - a scroll of enchant weapon
 J - a scroll of poison {unknown}
 L - a scroll of identify
 M - a scroll of enchant armour
Potions
 d - a potion of might
 e - 9 potions of curing
 f - 4 potions of enlightenment
 g - a potion of lignification
 i - 2 potions of attraction
 n - 3 potions of mutation
 p - 2 potions of haste
 z - a potion of resistance
 F - 2 potions of brilliance
Miscellaneous
 G - a phial of floods
 K - a box of beasts


   Skills:
 - Level 10.0 Fighting
 + Level 12.0 Maces & Flails
 - Level 3.6 Armour
 + Level 2.8 Dodging
 - Level 3.2 Shields
 + Level 10.4 Invocations
 + Level 2.3 Evocations


You had 11 spell levels left.
You didn't know any spells.
Your spell library contained the following spells:

 Spells                   Type           Power      Damage    Failure   Level
 Magic Dart               Conj           0%         1d3       56%         1
 Slow                     Hex            0%         N/A       56%         1
 Sting                    Tmut/Pois      0%         1d3       56%         1
 Call Imp                 Summ           0%         N/A       71%         2
 Cigotuvi's Dreadful Rot  Necr/Pois/Air  0%         N/A       71%         2
 Momentum Strike          Conj/Tloc      0%         3d8       71%         2
 Poisonous Vapours        Pois/Air       0%         N/A       71%         2
 Confusing Touch          Hex            0%         N/A       90%         3
 Inner Flame              Hex/Fire       0%         N/A       90%         3
 Mephitic Cloud           Conj/Pois/Air  0%         N/A       90%         3
 Portal Projectile        Hex/Tloc       0%         N/A       90%         3
 Tukima's Dance           Hex            0%         N/A       90%         3
 Vampiric Draining        Necr           0%         2d6       90%         3
 Animate Armour           Summ/Erth      0%         N/A       100%        4
 Dispel Undead            Necr           0%         3d6       100%        4
 Flame Wave               Conj/Fire      0%         2d4       100%        4
 Olgreb's Toxic Radiance  Pois           0%         N/A       100%        4
 Sticky Flame             Conj/Fire      0%         2d3       100%        4
 Summon Lightning Spire   Summ/Air       0%         N/A       100%        4
 Blade Hands              Tmut           0%         N/A       100%        5
 Yara's Violent Unravell  Hex/Tmut       0%         3d3       100%        5
 Death Channel            Necr           0%         N/A       100%        6
 Enfeeble                 Hex            0%         N/A       100%        7


Dungeon Overview and Level Annotations

Branches:
Dungeon (11/15)            Temple (0/1) D:5            Lair (0/5) D:9
    Orc (2/2) D:9             Elf (0/3) Orc:2        Bailey (visited)

Altars:
Ashenzari
Cheibriados
Fedhas
Kikubaaqudgha
Makhleb
Nemelex Xobeh
Qazlal
Ru
Sif Muna
Trog
Uskayaw
Xom
Yredelemnul
Zin
The Shining One

Shops:
Orc:2 **

Annotations:
Orc:2 Saint Roka


Innate Abilities, Weirdness & Mutations

You are completely covered in rugged brown scales. (AC +3, +7% HP)
Armour fits poorly on your strangely shaped body.
You have a long armoured tail.
You roll when moving toward enemies. (Rampage)
Your long tongue fully drains potion bottles. (2x potion effects)
Your tongue gives you trouble enunciating. (1.5x scroll delay)
You have a pair of small antennae on your head.
You are dopey. (Int -2)
You are strong-willed. (Will+)
You occasionally shout uncontrollably at your foes.
Your muscles are strong. (Str +4, Int/Dex -1)


Message History

You can now merge with and destroy a victim.
You impale Saint Roka!! You freeze Saint Roka.
Saint Roka is heavily wounded.
You hear a shout! x2
You bludgeon Saint Roka!!
You kill the orc warrior!
You freeze Saint Roka!
Saint Roka is severely wounded.
Saint Roka hits you with a +1 great mace of protection!!
The orc priest looks encouraged for a moment.
The orc warrior shoots an arrow.
The arrow hits Saint Roka but does no damage.
You puncture Saint Roka! You freeze Saint Roka.
Saint Roka is almost dead.
Saint Roka hits you with a +1 great mace of protection!!
* * * LOW HITPOINT WARNING * * *
Okay, then.
You hit Saint Roka but do no damage.
Saint Roka is almost dead.
The orc warrior shoots an arrow.
The arrow hits the orc wizard.
You kill the orc priest!
Uskayaw prepares the audience for your solo!
The helpless Saint Roka fails to defend themself.
You thump Saint Roka!
You kill the orc wizard!
You freeze Saint Roka.
You tail-slap Saint Roka, but do no damage.
Saint Roka is almost dead.
Saint Roka is no longer paralysed.
Saint Roka is no longer sharing their pain.
Saint Roka invokes the aid of Beogh against you.
Beogh smites you!
* * * LOW HITPOINT WARNING * * *
An orc comes into view. It is wielding a +0 flail.
You catch the helpless Saint Roka completely off-guard!
You hit Saint Roka but do no damage.
Your tail-slap misses Saint Roka.
Saint Roka is almost dead.
The orc shouts!
You hear a shout!
Saint Roka hits you with a +1 great mace of protection!!
You die...

#.#...#.# ### ##. #.8.# #.#
#.#...#.###.###.. .#...#. #.#
##.#)###.##...#... '..oo
#.###.........##.#.... #..T#
#.##......#........... ##oo.##
#.###.#.).....##....## #8.oo8#
##.#####......###...#.#
#.....###..#.##)...............
..##'''##..).o)o@.)..............
.......).o...))##..#.............
....8.8........######............
...........##.## #.............
...........#### ......#.##..#...
...........# ...##.#.......#..
.##.........# #..# ##........#..
.#.........#.. ....##............
.................................


You could see Saint Roka (unable to see you), an orc warrior (strong, paralysed,
pain bonded) and an orc (wandering, unable to see you).

Vanquished Creatures
  Snorg (D:10)
  2 orc knights
  2 orc sorcerers (Orc:2)
  Pikel (D:4)
  Joseph (D:7)
  An unseen horror (D:11)
  3 komodo dragons (D:9)
  5 trolls
  Grinder (D:3)
  A hornet (D:9)
  2 wyverns (D:9)
  17 yaks
  A wraith (D:11)
  Eustachio (D:4)
  A basilisk (D:9)
  A steam dragon (D:9)
  An acid dragon (D:7)
  A water moccasin (D:6)
  Pargi (D:3)
  25 orc warriors
  3 sky beasts
  A black bear (D:6)
  7 ogres
  5 centaurs
  2 phantoms
  3 kobold brigands
  Blork the orc (D:4)
  2 bullfrogs
  A gnoll sergeant (D:8)
  6 scorpions
  17 wights
  7 killer bees
  4 howler monkeys
  5 hounds
  17 orc priests
  2 sleepcaps
  Crazy Yiuf (D:4)
  4 iguanas
  2 jellies
  Jessica (D:3)
  2 gnoll boudas
  23 orc wizards
  Robin (D:2)
  20 gnolls
  9 adders
  A shadow imp (D:6)
  2 white imps (D:7)
  7 worms
  4 dart slugs
  66 orcs
  5 ball pythons
  7 endoplasms
  A giant cockroach (D:1)
  20 goblins
  13 hobgoblins
  12 jackals
  5 quokkas
  7 bats
  3 frilled lizards
  28 kobolds
  6 rats
  A spectral kobold (D:2)
403 creatures vanquished.

Notes
Turn   | Place    | Note
-------+----------+-------------------------------------------
     0 | D:1      | Shard1697 the Armataur Fighter began the quest for the Orb.
     0 | D:1      | Reached XP level 1. HP: 19/19 MP: 1/1
    38 | D:1      | Reached skill level 2 in Maces & Flails
   106 | D:1      | Reached XP level 2. HP: 26/26 MP: 2/2
   275 | D:1      | Reached skill level 3 in Maces & Flails
   379 | D:1      | Reached XP level 3. HP: 32/32 MP: 3/3
   864 | D:2      | Noticed Robin
   876 | D:2      | Killed Robin
   877 | D:2      | Reached skill level 4 in Maces & Flails
   877 | D:2      | Reached XP level 4. HP: 36/39 MP: 4/4
  1059 | D:2      | Found a faded altar of an unknown god.
  1069 | D:2      | Prayed at the altar of an unknown god.
  1069 | D:2      | Became a worshipper of Uskayaw the Reveller
  1069 | D:2      | Reached * piety under Uskayaw
  1083 | D:2      | Noticed a scorpion
  1088 | D:2      | Killed a scorpion
  1088 | D:2      | Reached ** piety under Uskayaw
  1089 | D:2      | Reached XP level 5. HP: 43/44 MP: 5/5
  1324 | D:2      | Reached skill level 5 in Maces & Flails
  1547 | D:3      | Noticed Jessica
  1555 | D:3      | Killed Jessica
  1558 | D:3      | Got Jessica's Volume of the Singularity
  1611 | D:3      | Noticed Grinder
  1617 | D:3      | Paralysed by Grinder for 5 turns
  1630 | D:3      | Killed Grinder
  1631 | D:3      | Reached skill level 6 in Maces & Flails
  1631 | D:3      | Reached XP level 6. HP: 48/53 MP: 6/6
  1817 | D:3      | Found a shimmering blue altar of Sif Muna.
  2013 | D:3      | Reached *** piety under Uskayaw
  2148 | D:3      | Noticed Pargi
  2156 | D:3      | Killed Pargi
  2157 | D:3      | Reached XP level 7. HP: 60/60 MP: 7/7
  2295 | D:3      | Reached skill level 7 in Maces & Flails
  2522 | D:4      | Noticed Blork the orc
  2543 | D:4      | Killed Blork the orc
  2745 | D:4      | Reached **** piety under Uskayaw
  2901 | D:4      | Noticed Pikel
  2917 | D:4      | Killed Pikel
  2918 | D:4      | Reached skill level 5 in Fighting
  2918 | D:4      | Reached XP level 8. HP: 69/72 MP: 7/9
  3022 | D:4      | Noticed Eustachio
  3067 | D:4      | Killed Eustachio
  3068 | D:4      | Reached skill level 8 in Maces & Flails
  3150 | D:4      | Found a runed translucent door.
  3151 | D:4      | Noticed Crazy Yiuf
  3281 | D:4      | Killed Crazy Yiuf
  3495 | D:5      | Entered Level 5 of the Dungeon
  3595 | D:5      | Found a bloodstained altar of Trog.
  3892 | D:5      | Found a glowing golden altar of the Shining One.
  4205 | D:5      | Found a staircase to the Ecumenical Temple.
  4270 | D:5      | Reached XP level 9. HP: 45/80 MP: 12/12
  5141 | D:6      | Reached skill level 5 in Invocations
  5207 | D:6      | Reached skill level 9 in Maces & Flails
  5706 | D:6      | Found a blossoming altar of Fedhas.
  5981 | D:7      | Reached XP level 10. HP: 61/92 MP: 1/14
  6188 | D:7      | Found a basalt altar of Yredelemnul.
  6189 | D:7      | Found a hide-covered altar of Uskayaw.
  6263 | D:7      | Noticed Joseph
  6268 | D:7      | Killed Joseph
  6269 | D:7      | Found a sacrificial altar of Ru.
  6269 | D:7      | Found a burning altar of Makhleb.
  6276 | D:7      | Found a shimmering altar of Xom.
  6276 | D:7      | Found a snail-covered altar of Cheibriados.
  6283 | D:7      | Found a sparkling altar of Nemelex Xobeh.
  6644 | D:7      | Reached skill level 10 in Maces & Flails
  7439 | D:8      | Identified the +8 sling of Fedhas's Pride {antimagic,
                  | Will+}
  8041 | D:9      | Found a flagged portal.
  8067 | Bailey   | Entered a bailey
  8073 | Bailey   | Noticed an orc knight
  8197 | Bailey   | Killed an orc knight
  8341 | Bailey   | Identified the +7 hand axe "Resar" {heavy, rPois}
  8445 | D:9      | Found a staircase to the Orcish Mines.
  8602 | D:9      | Found an ancient bone altar of Kikubaaqudgha.
  8630 | D:9      | Reached ***** piety under Uskayaw
  8674 | D:9      | Reached XP level 11. HP: 101/103 MP: 17/17
  8686 | D:9      | Found a broken altar of Ashenzari.
  9098 | D:9      | Found a staircase to the Lair.
  9404 | D:10     | Entered Level 10 of the Dungeon
  9437 | D:10     | Found a stormy altar of Qazlal.
  9469 | D:10     | Reached skill level 11 in Maces & Flails
  9515 | D:10     | Noticed Snorg
  9529 | D:10     | Killed Snorg
 10005 | D:10     | Found Zin's Purification Station.
 10008 | D:10     | Found a glowing silver altar of Zin.
 10013 | D:10     | Bought a potion of curing for 90 gold pieces
 10485 | D:11     | Reached skill level 10 in Fighting
 10931 | D:11     | Identified the +3 long sword "Kukhluur" {flame, +Blink
                  | Str+2}
 11047 | Orc:1    | Entered Level 1 of the Orcish Mines
 11056 | Orc:1    | Reached skill level 1 in Dodging
 11222 | Orc:2    | Entered Level 2 of the Orcish Mines
 11237 | Orc:2    | Noticed an orc knight
 11304 | Orc:2    | Killed an orc knight
 11363 | Orc:2    | Found a staircase to the Elven Halls.
 11365 | Orc:2    | Noticed an orc sorcerer
 11378 | Orc:2    | Gained mutation: You sometimes lose your temper in combat.
                  | [a neqoxec]
 11387 | Orc:2    | Killed an orc sorcerer
 11388 | Orc:2    | Reached skill level 10 in Invocations
 11390 | Orc:2    | Lost mutation: You sometimes lose your temper in combat.
                  | [potion of mutation]
 11390 | Orc:2    | Gained mutation: You are dopey. (Int -2) [potion of
                  | mutation]
 11390 | Orc:2    | Gained mutation: You are strong-willed. (Will+) [potion of
                  | mutation]
 11390 | Orc:2    | Gained mutation: You occasionally shout uncontrollably at
                  | your foes. [potion of mutation]
 11390 | Orc:2    | Gained mutation: You have a pair of small antennae on your
                  | head. [potion of mutation]
 11390 | Orc:2    | Gained mutation: Your muscles are strong. (Str +4, Int/Dex
                  | -1) [potion of mutation]
 11771 | Orc:2    | Reached skill level 1 in Evocations
 11792 | Orc:2    | Reached XP level 12. HP: 107/113 MP: 10/19
 11793 | Orc:2    | Found Roghovvu's Assorted Antiques.
 11799 | Orc:2    | Bought a potion of might for 124 gold pieces
 11799 | Orc:2    | Bought a potion of heal wounds for 155 gold pieces
 11799 | Orc:2    | Bought a potion of curing for 93 gold pieces
 11799 | Orc:2    | Bought a scroll of identify for 62 gold pieces
 11799 | Orc:2    | Bought a scroll of enchant armour for 232 gold pieces
 11903 | Orc:2    | Found Agaergh's Assorted Antiques.
 12024 | Orc:2    | Noticed Saint Roka
 12044 | Orc:2    | Reached skill level 12 in Maces & Flails
 12062 | Orc:2    | Mangled by Saint Roka

Illustrated notes

Levels and vault maps discovered:
D:1:      wheals_arrival_linesprint, layout_basic, st_stairs_8
D:2:      layout_loops_ring, dreamdust_ecumenical_altar_drowned_temple,
          uniq_robin
D:3:      layout_loops_ring, general_overflow_altar, kennysheep_jessica_study,
          uniq_grinder, uniq_pargi
D:4:      layout_rooms, uniq_crazy_yiuf_cottage, uniq_pikel, uniq_eustachio,
          uniq_blork_the_orc
D:5:      layout_basic, trog_butcher_becter, tso_metal_star,
          minmay_temple_entry_nine_rooms, chequers_arboretum, hex_large,
          grunt_ministairs_9
D:6:      layout_loops_ring, kennysheep_mini
D:7:      layout_basic, mainiacjoe_overflow_tiny_flanked,
          eat_drink_and_be_merry_uskayaw, grunt_temple_overflow_open,
          uniq_joseph
D:8:      layout_basic, nicolae_underground_beach
D:9:      statuecave_lemuel, layout_basic, kiku_gazebo_garden_becter,
          evilmike_ruin_ashenzari, erik_lair_dragon, enter_bailey_5
D:10:     layout_irregular_city, zin_purify, grunt_qazlal_clouds, uniq_snorg
D:11:     layout_loops_ring, kennysheep_another_room
Orc:1:    layout_caves, uniq_fannar, uniq_erolcha
Orc:2:    grunt_orc_community_town_hall, layout_caves,
          grunt_orc_community_big_house_2, grunt_orc_community_big_house_2,
          grunt_orc_community_house_2, grunt_orc_community_house_2,
          grunt_orc_community_house_3, grunt_orc_community_house_1

Skill      XL: |  1  2  3  4  5  6  7  8  9 10 11 12 |
---------------+-------------------------------------+-----
Maces & Flails | 2 3 4 6 7 8 9 10 11 12 | 12.0
Fighting       | 3 5 6 7 9 10 | 10.0
Invocations    | 2 4 6 8 10 | 10.4
Dodging        | 2 |  2.8
Evocations     | 1 2 |  2.3
Armour         | |  3.6
Shields        | |  3.2

Action                     |  1- 3 |  4- 6 |  7- 9 | 10-12 || total
---------------------------+-------+-------+-------+-------++-------
  Melee: Flail             |   113 |   132 |   249 |       ||   494
         Tailslap          |    14 |    17 |    34 |    48 ||   113
         Morningstar       |       |       |    74 |   423 ||   497
 Invoke: Stomp             |       |       |    15 |    24 ||    39
  Evoke: Wand              |       |       |       |     1 ||     1
         Phial of floods   |       |       |       |     1 ||     1
    Use: Scroll            |       |     7 |     5 |     7 ||    19
         Potion            |       |     1 |     4 |     8 ||    13
   Stab: Paralysed         |       |       |     5 |    21 ||    26
         Distracted        |       |       |     1 |       ||     1
         Invisible         |       |       |       |     6 ||     6
 Armour: Scale mail        |    65 |    65 |    19 |       ||   149
         Robe              |       |       |    94 |    80 ||   174
         Skin              |       |       |     4 |       ||     4
         Troll leather arm |       |       |       |   149 ||   149
  Dodge: Dodged            |    46 |    29 |   107 |   161 ||   343
  Block: Buckler           |    23 |    26 |    51 |    82 ||   182

Table legend: (Time is in decaauts)
 A = Elapsed time spent in this place.
 B = Non-inter-level travel time spent in this place.
 C = Inter-level travel time spent in this place.
 D = Time resting spent in this place.
 E = Time spent auto-exploring this place.
 F = Levels seen in this place.
 G = Mean time per level.
                   A        B        C        D        E       F      G
               +--------+--------+--------+--------+--------+-----+--------+
         Total |  12114 |  11692 |    422 |   1053 |   8007 |  14 |  865.3 |
       Dungeon |  10766 |  10362 |    404 |    838 |   7478 |  11 |  978.7 |
  Orcish Mines |   1010 |    992 |     18 |     95 |    529 |   2 |  505.0 |
        Bailey |    336 |    336 |      0 |    120 |      0 |   1 |  336.0 |
               +--------+--------+--------+--------+--------+-----+--------+

Top non-repeatable levels by time:
     D:5: 1432 daAuts
     D:7: 1412 daAuts
     D:9: 1106 daAuts
     D:6: 1030 daAuts
     D:3: 1029 daAuts
     D:4: 1014 daAuts
    D:10: 918 daAuts
     D:1: 856 daAuts
    D:11: 700 daAuts
   Orc:2: 693 daAuts
     D:2: 656 daAuts
     D:8: 609 daAuts
  Bailey: 336 daAuts
   Orc:1: 317 daAuts
